 Dungeon Crawl Stone Soup version 0.29-a0-340-g6efceafd81 (webtiles) character file.

Game seed: 11079093671652117243

11 spaghetti the Skirmisher (level 2, 32/33 HPs)
             Began as an Ogre Fighter on Apr 19, 2022.
             Was a Follower of Nemelex Xobeh.
             Quit the game on level 1 of the Dungeon.
             The game lasted 00:01:13 (565 turns).

spaghetti the Skirmisher (Ogre Fighter)              Turns: 565, Time: 00:01:13

Health: 32/33      AC:  3    Str: 19    XL:     2   Next: 25%
Magic:  2/2        EV:  8    Int:  9    God:    Nemelex Xobeh [*.....]
Gold:   53         SH:  7    Dex:  8    Spells: 1/1 levels left

rFire   . . .      SeeInvis .   a - +0 flail {mace}
rCold   . . .      Faith    .   c - +0 kite shield
rNeg    . . .      Spirit   .   b - +0 robe
rPois   .          Reflect  .   (helmet restricted)
rElec   .          Harm     .   (no cloak)
rCorr   .          Rampage  .   (gloves unavailable)
Will    .....                   (boots unavailable)
Stlth   +.........              (no amulet)
HPRegen 0.11/turn               (no ring)
MPRegen 0.08/turn               (no ring)

@: no status effects
A: large, unfitting armour, tough skin 1
a: Renounce Religion, Draw Escape, Draw Destruction, Draw Summoning


You were on level 1 of the Dungeon.
You worshipped Nemelex Xobeh.
Nemelex Xobeh was aware of your devotion.
You visited 1 branch of the dungeon, and saw 1 of its levels.

You collected 53 gold pieces.


Innate Abilities, Weirdness & Mutations

You are too large for most types of armour.
You have tough skin. (AC +1)


   Skills:
 + Level 4.8 Fighting
 - Level 1.7 Maces & Flails
 - Level 2.6 Dodging
 - Level 2.6 Shields
 + Level 0.2 Invocations


You had one spell level left.
You didn't know any spells.
Your spell library was empty.

Inventory:

Hand Weapons
 a - a +0 flail (weapon) {mace}
Armour
 b - a +0 robe (worn)
 c - a +0 kite shield (worn)
Potions
 d - a potion of might

Dungeon Overview and Level Annotations

Branches:
Dungeon (1/15)

Altars:
Nemelex Xobeh

#K ####. ## #.... ≈##
#.... ≈≈# #....# #+#
≈≈# #..$.###.# ≈≈#
#........## ÷≈#
#....@....# ≈≈#
######.........# ≈≈#
#..............+ ≈§#
#..........#...# ≈≈#
+..........#####
≈≈#.###................
#...'................
#######.........#......
..........#'###.+......


You could see a kobold.


Message History

You see here a +0 short sword {short}.
The frilled lizard attacks as you move away!
The frilled lizard bites you. 😕 HP[-1]
You take 1 damage, and now have 26/33 hp.
You closely miss the frilled lizard.
The frilled lizard closely misses you. 😕 HP[+1]
You completely miss the frilled lizard. You block the frilled lizard's attack.
The frilled lizard bites you. 😕 HP[-1]
You take 1 damage, and now have 26/33 hp.
You completely miss the frilled lizard.
The frilled lizard bites you but does no damage.
You miss the frilled lizard.
The frilled lizard bites you but does no damage.
You hit the frilled lizard but do no damage.
You block the frilled lizard's attack.
The frilled lizard bites you but does no damage.
You barely miss the frilled lizard.
The frilled lizard bites you but does no damage.
You barely miss the frilled lizard. You block the frilled lizard's attack.
The frilled lizard barely misses you. 😕 HP[+1]
You barely miss the frilled lizard. The frilled lizard closely misses you.
You completely miss the frilled lizard.
The frilled lizard bites you but does no damage. x2
You closely miss the frilled lizard.
The frilled lizard bites you but does no damage.
You miss the frilled lizard. You block the frilled lizard's attack.
You sock the frilled lizard!
You kill the frilled lizard!
Key pressed, stopping explore.
Key pressed, stopping explore.
There is a faded altar of an unknown god here.
Found a stone staircase leading down. 😎 HP[+6]
Your hp is fully restored (33).
Press: ? - help, . - travel You can't see that place. [the floor.]
There is a faded altar of an unknown god here.
There is a faded altar of an unknown god here.
You cannot tell which god this altar belongs to.
Convert to them anyway?
Okay, then.
Unknown command.
Press < or > to pray at altars.
Unknown command.
Press < or > to pray at altars.
You cannot tell which god this altar belongs to.
Convert to them anyway?
Nemelex Xobeh accepts your prayer! Nemelex Xobeh welcomes you!
You can now draw from decks of power.
Nemelex will now gift you decks of power as you gain piety.
Unknown command.
Press < or > to pray at altars.
Unknown command.
Press < or > to pray at altars.
Unknown command.
Press < or > to pray at altars.
Key pressed, stopping explore.
You open the door.
There is an open door here.
A giant cockroach comes into view.
A giant cockroach is nearby!
A giant cockroach is nearby!
You barely miss the giant cockroach. The giant cockroach closely misses you.
The giant cockroach bites you but does no damage.
You hit the giant cockroach. You block the giant cockroach's attack.
The giant cockroach bites you but does no damage.
You barely miss the giant cockroach. The giant cockroach barely misses you.
The giant cockroach bites you. 😕 HP[-1]
You take 1 damage, and now have 32/33 hp.
You hit the giant cockroach but do no damage.
You block the giant cockroach's attack. 😎 HP[+1]
Your hp is fully restored (33).
You sock the giant cockroach!
You kill the giant cockroach!
You see here a giant cockroach corpse.
A ball python comes into view.
A ball python is nearby!
A ball python is nearby!
You hit the ball python.
You kill the ball python!
You see here a giant cockroach corpse.
There is an open door here.
You see here a ball python skeleton.
Key pressed, stopping explore.
You open the door. You open the door.
There is an open door here.
You now have 53 gold pieces (gained 4).
A kobold comes into view. It is wielding a +2 dagger of freezing.
The kobold shouts!
The kobold throws a stone.
The stone hits you. 😕 HP[-1]
You take 1 damage, and now have 32/33 hp.
Okay, then.
Are you sure you want to abandon this character and quit the game? (Confirm with "yes".)

Action                   || total
-------------------------++-------
Melee: Flail             ||    32
Armor: Robe              ||    13
Dodge: Dodged            ||     7
Block: Kite shield       ||    10

Levels and vault maps discovered:
D:1:      saegor_arrival_miasma, layout_basic, shapermc_ecumenical_altar_gd,
          serial_shops, nicolae_shop_statue_plus

Notes
Turn   | Place    | Note
-------+----------+-------------------------------------------
     0 | D:1      | spaghetti the Ogre Fighter began the quest for the Orb.
     0 | D:1      | Reached XP level 1. HP: 24/24 MP: 1/1
     0 | D:1      | magus.rc [v1.9.6]
   251 | D:1      | Found a faded altar of an unknown god.
   279 | D:1      | Reached XP level 2. HP: 27/33 MP: 2/2
   426 | D:1      | Prayed at the altar of an unknown god.
   426 | D:1      | Became a worshipper of Nemelex Xobeh the Trickster
   426 | D:1      | Reached * piety under Nemelex Xobeh
   565 | D:1      | Quit the game

Vanquished Creatures
  2 dart slugs (D:1)
  An endoplasm (D:1)
  A giant cockroach (D:1)
  2 ball pythons (D:1)
  A frilled lizard (D:1)
7 creatures vanquished.

Table legend:
 A = Non-vault XP
 B = Vault XP
 C = Vault XP percentage of total XP
 D = Non-vault monster count
 E = Vault monster count
 F = Vault count percentage of total count
                 A         B        C        D         E       F
            +---------+---------+-------+---------+---------+-------
      Total |      16 |       0 |   0.0 |       7 |       0 |   0.0
            +---------+---------+-------+---------+---------+-------
        D:1 |      16 |       0 |   0.0 |       7 |       0 |   0.0
            +---------+---------+-------+---------+---------+-------

Illustrated notes

Table legend:
 A = Kills in this place as a percentage of kills in entire the game.
 B = Kills by you in this place as a percentage of kills by you in the entire game.
 C = Kills by friends in this place as a percentage of kills by friends in the entire game.
 D = Other kills in this place as a percentage of other kills in the entire game.
 E = Experience gained in this place as a percentage of experience gained in the entire game.
 F = Experience gained in this place divided by the number of levels of this place that you have seen.
                   A       B       C       D       E      F
               +-------+-------+-------+-------+-------+----------------------
         Total | 100.0 | 100.0 |   N/A |   N/A | 100.0 |  16.0
       Dungeon | 100.0 | 100.0 |   N/A |   N/A | 100.0 |  16.0
               +-------+-------+-------+-------+-------+----------------------

Table legend: (Time is in decaauts)
 A = Elapsed time spent in this place.
 B = Non-inter-level travel time spent in this place.
 C = Inter-level travel time spent in this place.
 D = Time resting spent in this place.
 E = Time spent auto-exploring this place.
 F = Levels seen in this place.
 G = Mean time per level.
                   A        B        C        D        E       F      G
               +--------+--------+--------+--------+--------+-----+--------+
         Total |    579 |    564 |     15 |     99 |    381 |   1 |  579.0 |
       Dungeon |    579 |    564 |     15 |     99 |    381 |   1 |  579.0 |
               +--------+--------+--------+--------+--------+-----+--------+

Top non-repeatable levels by time:
     D:1: 579 daAuts
